Map: Dusk Towers

Players

Redmagic

  • Race: Zerg Zerg
  • League: Master

Term - Winner!

  • Race: Terran Terran
  • League: Master

VOD

Have the link to the VOD?

Description

Time

  • Played on: Feb. 8, 2016, 3:24 p.m.
  • Length: 9:59
Show
View Real Time Build Order
Export as new Build Order

Redmagic Zerg 

Build Orders: Hatch First 

Get SALT Encoding   

  12  0:01  Drone  
  13  0:08  Drone  
  14  0:17  Overlord  
  14  0:25  Extractor, Drone  
  15  0:36  Drone x2  
  17  0:44  Drone  
  18  0:55  Drone  
  19  1:05  Hatchery, Drone  
  19  1:10  Extractor  
  18  1:17  Drone  
  19  1:20  Spawning Pool  
  18  1:28  Drone  
  19  1:39  Drone  
  20  2:00  Hatchery  
  19  2:06  Queen  
  19  2:07  Zergling x2  
  22  2:12  Metabolic Boost  
  22  2:17  Queen  
  22  2:20  Zergling x2  
  25  2:23  Drone  
  26  2:31  Overlord  
  26  2:32  Drone  
  26  2:40  Drone  
  26  2:41  Overlord  
  27  2:57  Drone x3  
  27  2:58  Drone  
  31  3:01  Drone  
  32  3:06  Drone  
  33  3:14  Queen  
  33  3:15  Drone x3  
  38  3:22  Extractor  
  38  3:24  Zergling x2  
  38  3:27  Drone  
  38  3:28  Drone x3  
  38  3:31  Drone x2  
  38  3:32  Extractor  
  43  3:41  Lair  
  43  3:48  Drone  
  43  3:49  Drone x4  
  48  3:57  Baneling Nest  
  46  4:08  Zergling x2  
  46  4:09  Zergling x8  
  50  4:10  Overlord x2  
  50  4:15  Spine Crawler  
  50  4:17  Drone  
  50  4:18  Extractor, Drone  
  50  4:28  Zergling x10  
  50  4:30  Zergling x4  
  50  4:31  Zergling x2  
  58  4:44  Baneling x4  
  58  4:47  Drone x2, Spire  
  58  4:48  Drone x2  
  57  4:56  Drone x3  
  57  4:57  Overlord  
  60  5:01  Baneling x5  
  60  5:06  Overlord  
  60  5:18  Overlord  
  56  5:37  Hatchery  
  55  5:44  Zergling x4  
  55  5:45  Zergling x12  
  63  5:53  Overlord x2  
  63  5:54  Drone x2  
  65  6:03  Zerg Flyer Weapons Level 1  
  65  6:05  Drone x2  
  67  6:18  Mutalisk x2  
  67  6:19  Mutalisk x2  
  75  6:29  Mutalisk x2  
  75  6:30  Mutalisk x2  
  83  6:32  Overlord  
  83  6:44  Mutalisk  
  83  6:55  Mutalisk x2  
  83  7:00  Drone  
  83  7:01  Drone x7  
  95  7:09  Drone x2  
  95  7:13  Overlord x3  
  97  7:18  Extractor x2  
  95  7:46  Mutalisk x5  
  95  7:47  Mutalisk  
  107  7:52  Drone  
  107  7:53  Drone x10  
  116  8:11  Drone  
  116  8:12  Drone x4  
  121  8:17  Overlord x5  
  121  8:26  Hatchery  
  120  8:31  Overlord x2  
  120  8:45  Mutalisk  
  120  8:46  Mutalisk x6  
  120  8:48  Zergling x2  
  135  8:49  Zergling x6  
  138  8:58  Zergling x2  
  138  8:59  Zergling x10  
  144  9:14  Baneling  
  144  9:15  Baneling x9  
  145  9:17  Zergling x18  
  145  9:18  Zergling x2  
Show
View Real Time Build Order
Export as new Build Order

Term Terran - Winner!

Build Orders: Hellbat Push, Liberator Opening, Reaper Expand 

Get SALT Encoding   

  12  0:01  SCV  
  13  0:13  SCV  
  14  0:17  Supply Depot  
  14  0:25  SCV  
  15  0:39  SCV  
  15  0:40  Barracks  
  16  0:44  Refinery  
  16  0:51  SCV  
  17  1:03  SCV  
  18  1:15  SCV  
  19  1:28  Orbital Command, Reaper  
  20  1:42  Command Center  
  20  1:53  Supply Depot  
  20  1:56  SCV  
  21  2:02  Marine  
  21  2:07  Factory  
  21  2:08  SCV  
  23  2:18  Refinery  
  23  2:20  SCV  
  24  2:23  Barracks Reactor  
  24  2:32  SCV  
  25  2:44  SCV  
  26  2:56  SCV  
  26  2:57  Starport  
  27  2:59  Orbital Command  
  27  3:07  Hellion x2  
  27  3:08  SCV  
  32  3:15  Armory  
  32  3:20  Marine  
  32  3:21  SCV  
  34  3:27  SCV  
  34  3:28  Hellion x2  
  34  3:33  SCV  
  40  3:34  Medivac  
  40  3:38  Marine, Supply Depot  
  43  3:51  Hellion  
  43  3:53  Liberator  
  45  4:00  Hellion  
  45  4:02  SCV x2  
  49  4:08  Command Center  
  49  4:14  Barracks Tech Lab, SCV x2  
  54  4:32  Stimpack, Barracks  
  54  4:34  Barracks  
  54  4:55  Starport Reactor, Supply Depot  
  54  4:56  Marine, SCV  
  54  4:59  Supply Depot  
  56  5:07  SCV  
  56  5:12  Barracks, Refinery  
  56  5:13  Barracks, Refinery, Marine  
  58  5:15  SCV  
  58  5:16  Engineering Bay  
  58  5:17  Engineering Bay  
  59  5:21  Barracks Reactor x2  
  59  5:25  Orbital Command  
  59  5:27  Hellion x6  
  59  5:29  Widow Mine  
  61  5:42  Medivac  
  61  5:43  Medivac  
  65  5:50  Marine  
  65  5:54  SCV  
  67  6:02  Barracks Reactor  
  67  6:04  Terran Infantry Weapons Level 1  
  67  6:05  Factory Tech Lab  
  67  6:09  Orbital Command  
  67  6:13  Marine, Terran Infantry Armor Level 1  
  68  6:20  SCV  
  68  6:21  SCV  
  68  6:23  Marine  
  68  6:24  Marine x5  
  79  6:25  Siege Tank  
  79  6:29  Supply Depot  
  79  6:31  Supply Depot  
  79  6:32  Marine  
  80  6:33  SCV  
  80  6:38  SCV x2  
  83  6:41  Marine x2, Terran Vehicle Weapons Level 1  
  85  6:47  Marine x2  
  85  6:48  Marine, Marauder  
  90  6:55  SCV x3  
  90  6:58  Missile Turret  
  93  7:01  Missile Turret  
  93  7:04  Missile Turret  
  93  7:07  Supply Depot, SCV x2  
  95  7:10  Siege Tank  
  95  7:11  SCV  
  95  7:12  Supply Depot  
  95  7:13  Marine x2  
  95  7:15  Marine  
  102  7:17  Marine  
  102  7:21  Marine  
  104  7:24  Marine x3  
  104  7:25  Supply Depot  
  104  7:28  Marauder  
  104  7:29  SCV  
  110  7:31  Marine  
  108  7:39  Missile Turret  
  108  7:42  Thor  
  114  7:44  Missile Turret  
  114  7:51  Liberator, SCV x2  
  114  7:52  Missile Turret  
  114  7:54  Marine  
  114  7:55  Marine x7  
  124  8:02  Missile Turret  
  127  8:19  Refinery  
  127  8:21  Factory, Refinery  
  127  8:25  SCV x2  
  129  8:28  Supply Depot  
  129  8:30  Supply Depot  
  129  8:48  Factory Tech Lab  
  129  8:54  Supply Depot  
  129  8:55  Starport Reactor  
  126  8:59  Marine x8, Marauder  
  126  9:00  Starport  
  135  9:16  Marine  
Tags
 
Add a new tag
Caveats
  • Supply blocks, unpowered buildings, or Contaminate may cause inaccurate times.
  • Supply counts are checked every 10 seconds.